 BcadrenCrawl: Boulder Brew version 0.06.7.3-23-g1ca577db0e (webtiles) character file.

Game seed: 14779787139290604559

763 MackTheKnife the Skirmisher (level 7, -7/56 HPs) Molten Gargoyle Fighter. Began on Nov 17, 2023. Was a Follower of Makhleb. Splashed by a jelly's acid (9 damage) ... on level 2 of the Dungeon. The game lasted 00:06:54 (2749 turns).

MackTheKnife the Skirmisher (MGFi)                  Turns: 2749, Time: 00:06:54

Health: -7/56      AC:  0    Str: 25    XL:     7 ^: 335
Magic:  7/7        EV:  8    Int: 12    God:    Makhleb [1* [35]]
Gold:   147        SH:  9    Dex: 19    Spells: 6/6 levels left

rFire    + + +     Slash    +   a - +0 war axe {axe}
rCold    x x .     Pierce   .   c - +0 heater shield
rNeg     + . .     Bludgeon +   b - +0 scale mail
rCorr    x . .     Vision   .   (helmet restricted)
rPois    ∞                      (no cloak)
rElec    +                      (no gloves)
MR       ++...                  (no boots)
HPRegen  0.28/turn              q - amulet of the acrobat
MPRegen  0.17/turn              m - ring of the Scarab {rElec Str+5 Int+4 Dex+3}
Stlth    ++........             o - ring of strength

@: corroded
A: torment immune, lava walking, beak, breathe magma 1, fire resistance 3, magic
resistance, negative energy resistance 1, electricity resistance, slow
metabolism 1, unbreathing, evolution 1, petrification resistance, cold
vulnerability 2, rot immunity, reduced AC 1, acid vulnerability, strong nose,
core melding 2, artificial flesh
a: Breathe Magma, Renounce Religion


You were on level 2 of the Dungeon.
You worshipped Makhleb.
Makhleb was aware of your devotion.
You were not hungry.

You visited 1 branch of the dungeon, and saw 2 of its levels.

You collected 147 gold pieces.


Innate Abilities, Weirdness & Mutations

You are resistant to torment.
You are not damaged by walking on lava.
You are immune to poison.
You can breathe lava.
You are almost immune to the effects of heat. (rF+++)
You resist negative energy. (rN+)
You are resistant to electric shocks. (rElec)
You can survive without breathing.
You are immune to petrification.
You are very vulnerable to cold. (rC--)
You are immune to rotting.
The molten core of your body molds to fit into any body armour perfectly. (1.5x Base AC and No Encumberance from Armour).
Your artificial form resists hard blunt hits and is difficult to cut into. (rBludgeoning+ , rSlashing+)
You have a beak for a mouth.
You are highly resistant to hostile enchantments. (MR++)
You have a slow metabolism.
You evolve.
You take slightly more damage. (AC -5)
You are vulnerable to acid. (rCorr-)
Your uncanny sense of smell can sniff out nearby items.


   Skills:
 + Level 7.3 Fighting
 + Level 5.6 Axes & Hammers
 - Level 3.2 Shields


You had 6 spell levels left.
You didn't know any spells.
Your spell library was empty.

Inventory:

Weapons
 a - a +0 war axe (weapon) {axe}
 p - a +0 short sword of freezing {short}
   (You took it off a kobold on level 2 of the Dungeon)

   Shields
 c - a +0 heater shield (shield)
Armour
 b - a +0 scale mail (worn)
Jewellery
 d - an uncursed ring of ice
   (You took it off a kobold on level 2 of the Dungeon)
 m - the ring of the Scarab (left hand) {rElec Str+5 Int+4 Dex+3}
   (You acquired it on level 1 of the Dungeon)

   [ring of strength]

   It affects your strength (+5).
   It affects your intelligence (+4).
   It affects your dexterity (+3).
   It insulates you from electricity.
 o - a ring of strength (right hand)
   (You took it off a goblin on level 1 of the Dungeon)
 q - an amulet of the acrobat (around neck)
   (You took it off a hobgoblin on level 1 of the Dungeon)
Scrolls
 e - 4 scrolls of gravitation {!r}
 h - a scroll of magic mapping {!r}
 i - a scroll of silence {!r!r}
 l - 2 scrolls of fog
 s - a scroll of holy word
Potions
 g - 3 potions of curing {@q1}
 j - a potion of magic
 n - a potion of heal wounds {@q2}
Miscellaneous
 k - 7 empty bottles
Comestibles
 f - 5 rations {@e2}
 r - 2 chunks of flesh {@e1}

Dungeon Overview and Level Annotations

Branches:
Dungeon (2/8)

Altars:
Makhleb
Trog

Shops:
D:2 :

Annotations:
D:2 Eustachio

###############
#≈..≈≈≈≈...≈.P#
#...≈≈≈≈....≈≈# ≈≈≈. ≈≈≈≈#
#≈≈≈≈≈≈b≈≈≈≈≈≈# ≈≈≈.≈ ≈≈≈.#
#.≈≈≈≈≈≈≈≈≈≈≈≈# ≈≈≈≈≈ ≈...#
#≈.≈≈≈≈≈≈≈≈≈≈≈#≈≈≈≈≈≈ ..≈.#
##≈.≈≈b..≈P≈≈≈≈#≈≈≈≈≈≈ .≈≈≈##
#≈..≈≈≈.@.≈≈≈≈≈#≈≈≈≈≈≈
≈≈≈≈.####≈.≈≈≈≈.J≈≈≈≈≈...≈≈≈≈>
P≈≈...##....≈≈≈≈≈≈≈≈≈≈..<.≈≈..
≈≈≈....#...≈≈≈≈≈≈≈≈≈b≈b#.≈≈≈≈.
≈≈≈.##≈.≈.≈.≈b≈≈≈≈≈≈≈..# ≈≈≈≈.
≈≈≈≈###.P#≈≈.÷≈≈≈≈≈≈≈.≈# ≈≈≈.
≈≈≈≈# ####..≈.≈≈≈≈≈≈≈≈≈# ≈≈.
≈≈≈≈###≈.≈..≈#..##..#### J≈≈.
..≈.##≈≈)..###.≈#≈.≈≈.≈#≈≈≈≈≈.


You could see a jelly.


Message History

Moving in this stuff is going to be slow.
You enter the shallow water.
Moving in this stuff is going to be slow.
An ooze comes into view.
The ooze quivers.
Unknown command.
You enter the shallow water.
Moving in this stuff is going to be slow.
You enter the shallow water.
Moving in this stuff is going to be slow.
Found an escape hatch in the ceiling.
Do you really want to thrash into deep water? [Y]es or [N]o only, please.
Do you really want to thrash into deep water? [Y]es or [N]o only, please.
Do you really want to thrash into deep water? [Y]es or [N]o only, please.
Do you really want to thrash into deep water? [Y]es or [N]o only, please.
Do you really want to thrash into deep water? [Y]es or [N]o only, please.
Do you really want to thrash into deep water? [Y]es or [N]o only, please.
Do you really want to thrash into deep water?
Okay, then.
Found a stone staircase leading down.
The ooze barely misses you. The ooze barely misses you.
You hit the ooze but do no damage.
The ooze splashes around in the water.
You hit the ooze but do no damage. You peck the ooze, but do no damage.
The ooze barely misses you. The ooze hits you but does no damage.
You barely miss the ooze. The ooze hits you but does no damage.
You hit the ooze (2).
It resists.
You peck the ooze (5). The ooze hits you (2). You resist.
The ooze hits you but does no damage. 😕 HP[-2]
You take 2 damage, and now have 54/56 hp.
You hit the ooze (1).
It resists.
You peck the ooze, but do no damage.
The ooze splashes around in the water. 😕 HP[+1]
You hit the ooze but do no damage. The ooze barely misses you.
The ooze hits you but does no damage.
You hit the ooze (3).
It resists.
You peck the ooze (2).
You kill the ooze!
No target in view! 😎 HP[+1]
Your hp is fully restored (56).
You enter the shallow water.
Moving in this stuff is going to be slow.
A jelly comes into view.
The jelly quivers.
The jelly closely misses the giant blowfly.
The jelly splashes around in the water.
You swap places.
There is a faded altar of an unknown god here.
You cannot tell which god this altar belongs to.
Convert to them anyway?
Makhleb accepts your prayer! Makhleb welcomes you!
You can now gain health from killing.
Okay, then.
Unknown command.
Press < or > to pray at altars.
Unknown command.
Press < or > to pray at altars.
A jelly is nearby!
A jelly is nearby!
A jelly is nearby!
A jelly is nearby!
Your hands burn (3).
You hit the jelly (3).
It resists.
The jelly hits you (1). You resist. The acid corrodes you!
You are splashed with acid (12)!
The jelly hits you (2). You resist.
You are splashed with acid (13)!
* * * LOW HITPOINT WARNING * * *
😨 HP[-31]
You take 31 damage, and now have 25/56 hp.
MASSIVE DAMAGE!! (PAUSE) Unknown command.
Press < or > to pray at altars.
Unknown command.
Press < or > to pray at altars.
Unknown command.
Press < or > to pray at altars.
Your hands burn (1).
* * * LOW HITPOINT WARNING * * *
You hit the jelly (3).
It resists.
You peck the jelly (5). The jelly hits you (2). You resist.
* * * LOW HITPOINT WARNING * * *
You are splashed with acid (15)!
* * * LOW HITPOINT WARNING * * *
😱 HP[-17]
You take 17 damage, and now have 8/56 hp.
MASSIVE DAMAGE!! (PAUSE) Unknown command.
Press < or > to pray at altars.
Your hands burn (4).
* * * LOW HITPOINT WARNING * * *
You hit the jelly (2).
It resists.
The jelly hits you (2). You resist.
* * * LOW HITPOINT WARNING * * *
You are splashed with acid (9)!
You die...

Skill      XL: |  1  2  3  4  5  6  7 |
---------------+----------------------+-----
Axes & Hammers | 2 3 4 5 |  5.6
Fighting       | 4 5 6 7 |  7.3
Shields        | |  3.2

Action                   |  1- 3 |  4- 6 |  7- 9 || total
-------------------------+-------+-------+-------++-------
Melee: War axe           |    30 |   159 |    60 ||   249
       Tailslap          |       |     2 |    18 ||    20
 Abil: Breathe Magma     |       |     8 |     2 ||    10
  Use: Scroll            |       |     3 |       ||     3
       Potion            |       |     7 |       ||     7
 Stab: Sleeping          |       |     4 |     1 ||     5
  Eat: Chunk             |       |     2 |     2 ||     4
       Ration            |       |     1 |       ||     1
Armor: Scale mail        |    25 |   113 |    16 ||   154
Dodge: Dodged            |     1 |    46 |    15 ||    62
Block: Heater shield     |    12 |   111 |    20 ||   143

Levels and vault maps discovered:
D:1:      lemuel_arrival_tunnels, layout_loops_corners, first_ration
D:2:      layout_sewer, lemuel_crystal_altar, sewer_minmay_ubend,
          chequers_ecumenical_altar_island, serial_shops,
          nicolae_shop_waterfront, minmay_manual_monstrance, uniq_eustachio

Notes
Turn   | Place    | Note
-------+----------+-------------------------------------------
     0 | D:1      | MackTheKnife the Molten Gargoyle Fighter began the quest
                  | for the Orb.
     0 | D:1      | Reached XP level 1. HP: 18/18 MP: 1/1
     0 | D:1      | magus.rc [v1.9.6]
   122 | D:1      | Reached skill level 2 in Axes & Hammers
   236 | D:1      | Reached XP level 2. HP: 23/25 MP: 2/2
   239 | D:1      | Reached skill level 4 in Fighting
   239 | D:1      | Reached XP level 3. HP: 27/31 MP: 3/3
   319 | D:1      | Reached skill level 3 in Axes & Hammers
   319 | D:1      | Reached XP level 4. HP: 36/37 MP: 4/4
   324 | D:1      | Identified a scroll of acquirement
   351 | D:1      | Acquired the ring of the Scarab {rElec Str+5 Int+4 Dex+3}
  1237 | D:2      | Reached skill level 5 in Fighting
  1237 | D:2      | Reached XP level 5. HP: 31/44 MP: 5/5
  1350 | D:2      | Reached skill level 4 in Axes & Hammers
  1582 | D:2      | Reached XP level 6. HP: 35/50 MP: 6/6
  1699 | D:2      | Found Kezebaf's Book Shoppe.
  1738 | D:2      | Noticed Eustachio
  1747 | D:2      | HP: 11/50 [acid (9)]
  1747 | D:2      | HP: 5/50 [acid (5)]
  1768 | D:2      | HP: 8/50 [cinder newt (3)]
  1895 | D:2      | Found a faded altar of an unknown god.
  1908 | D:2      | Reached skill level 6 in Fighting
  1960 | D:2      | HP: 11/50 [sewer rat (3)]
  1999 | D:2      | Gained mutation: You have a slow metabolism. [potion of
                  | mutation]
  1999 | D:2      | Gained mutation: Your uncanny sense of smell can sniff out
                  | nearby items. [potion of mutation]
  1999 | D:2      | Gained mutation: You are vulnerable to acid. (rCorr-)
                  | [potion of mutation]
  2000 | D:2      | Gained mutation: You take slightly more damage. (AC -5)
                  | [potion of mutation]
  2000 | D:2      | Gained mutation: You have a beak for a mouth. [potion of
                  | mutation]
  2001 | D:2      | Gained mutation: You are highly resistant to hostile
                  | enchantments. (MR++) [potion of mutation]
  2001 | D:2      | Gained mutation: You evolve. [potion of mutation]
  2010 | D:2      | HP: 9/50 [acid (4)]
  2015 | D:2      | Reached skill level 5 in Axes & Hammers
  2015 | D:2      | Reached XP level 7. HP: 9/56 MP: 7/7
  2047 | D:2      | HP: 12/56 [acid (4)]
  2275 | D:2      | Found a bloodstained altar of Trog.
  2282 | D:2      | Reached skill level 7 in Fighting
  2683 | D:2      | Noticed Prince Ribbit
  2690 | D:2      | Killed Prince Ribbit
  2746 | D:2      | Became a worshipper of Makhleb the Destroyer
  2746 | D:2      | Reached * piety under Makhleb
  2748 | D:2      | HP: 8/56 [acid (15)]
  2749 | D:2      | HP: 2/56 [jelly (2)]
  2749 | D:2      | Splashed by a jelly's acid

Vanquished Creatures
  2 big kobolds (D:2)
  Prince Ribbit (D:2)
  8 jellies (D:2)
  3 giant cockroaches (D:1)
  4 adders (D:2)
  14 sewer rats (D:2)
  A worm (D:2)
  6 cinder newts
  5 oozes
  4 dart slugs (D:1)
  A leopard gecko (D:2)
  An adder skeleton (D:2)
  6 bats (D:1)
  A cinder newt skeleton (D:2)
  8 goblins (D:1)
  6 hobgoblins (D:1)
  15 kobolds
  2 ball pythons
  6 rats (D:1)
  9 withered plants (D:2)
103 creatures vanquished.

Vanquished Creatures (collateral kills)
  A cinder newt (D:2)
  A withered plant (D:2)
2 creatures vanquished.

Vanquished Creatures (others)
  An adder (D:2)
  A kobold (D:2)
  4 giant blowflies (D:2)
  2 slimeheads (D:2)
  104 withered plants (D:2)
112 creatures vanquished.

Grand Total: 217 creatures vanquished

Table legend:
 A = Non-vault XP
 B = Vault XP
 C = Vault XP percentage of total XP
 D = Non-vault monster count
 E = Vault monster count
 F = Vault count percentage of total count
                 A         B        C        D         E       F
            +---------+---------+-------+---------+---------+-------
      Total |     989 |     102 |   9.3 |      87 |       7 |   7.4
            +---------+---------+-------+---------+---------+-------
        D:1 |     158 |       0 |   0.0 |      43 |       0 |   0.0
        D:2 |     831 |     102 |  10.9 |      44 |       7 |  13.7
            +---------+---------+-------+---------+---------+-------

Illustrated notes

Table legend:
 A = Kills in this place as a percentage of kills in entire the game.
 B = Kills by you in this place as a percentage of kills by you in the entire game.
 C = Kills by friends in this place as a percentage of kills by friends in the entire game.
 D = Other kills in this place as a percentage of other kills in the entire game.
 E = Experience gained in this place as a percentage of experience gained in the entire game.
 F = Experience gained in this place divided by the number of levels of this place that you have seen.
                   A       B       C       D       E      F
               +-------+-------+-------+-------+-------+----------------------
         Total | 100.0 | 100.0 | 100.0 |   N/A | 100.0 | 545.5
       Dungeon | 100.0 | 100.0 | 100.0 |   N/A | 100.0 | 545.5
               +-------+-------+-------+-------+-------+----------------------

Table legend: (Time is in decaauts)
 A = Elapsed time spent in this place.
 B = Non-inter-level travel time spent in this place.
 C = Inter-level travel time spent in this place.
 D = Time resting spent in this place.
 E = Time spent auto-exploring this place.
 F = Levels seen in this place.
 G = Mean time per level.
                   A        B        C        D        E       F      G
               +--------+--------+--------+--------+--------+-----+--------+
         Total |   3031 |   3007 |     24 |    541 |   1567 |   2 | 1515.5 |
       Dungeon |   3031 |   3007 |     24 |    541 |   1567 |   2 | 1515.5 |
               +--------+--------+--------+--------+--------+-----+--------+

Top non-repeatable levels by time:
     D:2: 1770 daAuts
     D:1: 1260 daAuts
